 Dungeon Crawl Stone Soup version 0.31.0-2-g5a2aebc5c2 (webtiles) character file.

Game seed: 13497235621548342820

454 Zeor the Changeling (level 7, -1/48 HPs)
             Began as a Merfolk Shapeshifter on Jan 21, 2024.
             Slain by an orc
             ... wielding a +0 flail
              (5 damage)
             ... on level 4 of the Dungeon.
             The game lasted 00:14:01 (2996 turns).

Zeor the Changeling (Merfolk Shapeshifter)          Turns: 2996, Time: 00:14:02

Health: -1/48      AC:  3    Str: 14    XL:     7   Next: 5%
Magic:  7/7        EV: 14    Int: 10    God:
Gold:   187        SH:  0    Dex: 21    Spells: 6/6 levels left

rFire   . .          .
                       - Unarmed
rCold   + . .        (no shield)
rNeg    . . .        a - +1 robe {rC+}
rPois   .            (helmet currently unavailable)
rElec   .            e - melded +0 cloak
rCorr   .            k - melded +0 pair of gloves
SInv    .            (boots currently unavailable)
Will    .....        (no amulet)
Stlth   +++          o - +6 ring of dexterity
HPRegen 0.28/turn    (no ring)
MPRegen 0.10/turn

%: no passive effects
@: beast-form, on berserk cooldown, slowed, studying Shapeshifting, very slow
A: beast (slay +3), (nimble swimmer 2), mertail
a: Begin Untransformation


You were on level 4 of the Dungeon.
You were a hulking beast.
You visited 1 branch of the dungeon, and saw 4 of its levels.

You collected 236 gold pieces.
You spent 49 gold pieces at shops.

Inventory:

Missiles
 i - 4 boomerangs (quivered)
Armour
 a - a +1 robe of cold resistance (worn)
 e - a +0 cloak (melded)
 k - a +0 pair of gloves (melded)
 m - a +0 leather armour
Jewellery
 l - a ring of ice
 o - a +6 ring of dexterity (left hand)
Talismans
 c - a beast talisman (active)
 d - a flux talisman
Potions
 g - 2 potions of brilliance
 p - a potion of curing


   Skills:
 + Level 1.4 Fighting
 + Level 0.1 Armour
 * Level 4.0 Dodging
 + Level 2.8 Stealth
 * Level 6.4 Unarmed Combat
 * Level 6.5 Shapeshifting


You had 6 spell levels left.
You didn't know any spells.
Your spell library contained the following spells:

 Spells                   Type           Power      Damage    Failure   Level
 Apportation              Tloc           0%         N/A       36%         1
 Jinxbite                 Hex            0%         N/A       50%         2
 Alistair's Intoxication  Alch           0%         N/A       100%        5
 Spellforged Servitor     Conj/Summ      0%         N/A       100%        7
 Summon Horrible Things   Summ           0%         N/A       100%        8


Dungeon Overview and Level Annotations

Branches:
Dungeon (4/15)
 Temple: D:4-7

Altars:
Gozag
Qazlal
Trog

Shops:
D:3 [(

Annotations:
D:2 1 runed translucent door, Crazy Yiuf


Innate Abilities, Weirdness & Mutations

You are a hulking beast.
Your limbs bulge with bestial killing power. (Slay +3)
((You are very nimble when in or above water. (Stealth+, EV+, Speed+++)))
Your lower body shifts to a powerful aquatic tail in water.


Message History

The orc priest shouts!
The orc priest invokes the aid of Beogh against you.
You barely resist.
Things that are here:
a +0 trident; a +0 ring mail; an orc corpse You punch the orc priest!
Your punch misses the orc priest.
The orc priest is heavily wounded.
The orc priest hits you with a +0 club.
You barely miss the orc priest.
The orc priest is heavily wounded.
The orc priest closely misses you. The orc barely misses you.
The orc priest completely misses you.
You hit the orc priest.
The orc priest is almost dead.
The orc closely misses you. The orc priest barely misses you.
The orc hits you with a +0 falchion.
You hit the orc priest but do no damage.
The orc priest is almost dead.
The orc priest barely misses you. The orc barely misses you.
You hit the orc priest.
You kill the orc priest!
The orc barely misses you.
You have reached level 7!
You closely miss the orc. The orc misses you.
The orc hits you with a +0 falchion.
You punch the orc!
You kill the orc!
The orc hits you with a +0 flail. The orc hits you with a +0 flail!
* * * LOW HITPOINT WARNING * * *
You hit the orc.
The orc is lightly wounded.
The orc barely misses you.
You hit the orc.
The orc is moderately wounded.
The orc hits you with a +0 flail.
* * * LOW HITPOINT WARNING * * *
You barely miss the orc.
The orc is moderately wounded.
The orc hits you with a +0 flail.
You die... ∙∙∙∙∙∙∙∙∙∙∙∙∙∙∙ ∙∙∙∙∙∙∙∙∙∙∙∙∙∙∙ ∙∙∙∙∙ ∙∙∙∙∙∙∙∙∙∙∙∙∙∙∙ ▒∙∙∙∙ <∙∙o∙∙∙∙∙∙∙∙∙

▒∙∙∙∙
▒■▒▒▒∙∙∙∙∙∙∙∙∙∙
▒∙∙∙∙ ▒∙▒∙∙∙▒∙∙∙▒
▒∙∙∙∙ ▒∙▒∙▒▒▒∙▒∙∙∙▒
▒∙∙∙∙ ▒∙∙)o∙∙)▒ ▒∙▒
▒∙∙∙∙▒▒▒▒▒▒h▒▒▒▒▒▒▒
▒ ▒∙∙∙∙∙∙∙)∙∙∙∙∙∙∙∙
▒▒▒▒▒▒▒▒▒)▒∙∙▒▒▒▒
▒∙∙∙∙∙▒∙∙▒
▒▒▒∙▒▒▒▒▒∙∙∙∙
▒∙∙∙▒▒▒▒▒∙▒▒▒▒▒▒▒▒▒
▒∙▒∙∙∙∙▒▒∙∙∙∙∙∙∙∙∙∙
▒∙
▒∙▒∙▒▒∙▒∙∙∙∙∙∙∙∙∙∙∙
▒∙
▒∙▒∙▒▒∙▒∙▒∙∙∙∙∙∙∙∙∙
▒∙▒


You could see an orc.

Vanquished Creatures
  An ogre (D:3)
  The ghost of DaftaChap the Insei, an amateur MfSh (D:3)
  An orc priest (D:4)
  A hound (D:4)
  Jessica (D:2)
  Natasha (thrice) (D:3)
  An orc wizard (D:4)
  4 adders (D:3)
  A ribbon worm (D:2)
  8 orcs
  5 endoplasms
  5 giant cockroaches
  12 goblins
  9 hobgoblins
  3 kobolds
  3 quokkas
  A ball python (D:4)
  4 bats
64 creatures vanquished.

Notes
Turn   | Place    | Note
-------+----------+-------------------------------------------
     0 | D:1      | Zeor the Merfolk Shapeshifter began the quest for the Orb.
     0 | D:1      | Reached XP level 1. HP: 15/15 MP: 1/1
    17 | D:1      | Got Sif Muna's Tome of Phantasms
   276 | D:1      | Reached XP level 2. HP: 17/21 MP: 2/2
   576 | D:1      | Found a faded altar of an unknown god.
   829 | D:2      | Found a runed translucent door.
   830 | D:2      | Noticed Crazy Yiuf
  1107 | D:2      | Identified a scroll of acquirement
  1107 | D:2      | Acquired a manual of Shapeshifting
  1118 | D:2      | Noticed Jessica
  1130 | D:2      | Killed Jessica
  1131 | D:2      | Reached XP level 3. HP: 21/26 MP: 3/3
  1584 | D:3      | Reached XP level 4. HP: 32/32 MP: 4/4
  1663 | D:3      | Noticed an ogre
  1679 | D:3      | Killed an ogre
  1680 | D:3      | Reached skill level 5 in Unarmed Combat
  1680 | D:3      | Reached skill level 5 in Shapeshifting
  1680 | D:3      | Reached XP level 5. HP: 37/37 MP: 5/5
  1758 | D:3      | Noticed Natasha
  1763 | D:3      | Killed Natasha
  1805 | D:3      | Found Cunops's Armour Emporium.
  1806 | D:3      | Noticed Natasha
  1814 | D:3      | Killed Natasha
  1830 | D:3      | Noticed Natasha
  1840 | D:3      | Killed Natasha
  1841 | D:3      | Reached XP level 6. HP: 36/43 MP: 6/6
  1868 | D:3      | Found a runed translucent door.
  1871 | D:3      | Bought a +0 cloak for 49 gold pieces
  1912 | D:3      | Noticed DaftaChap's ghost (amateur MfSh)
  1942 | D:3      | Killed DaftaChap's ghost
  2230 | D:3      | Found Yxonis's Weapon Shoppe.
  2652 | D:4      | Found an opulent altar of Gozag.
  2653 | D:4      | Found a stormy altar of Qazlal.
  2655 | D:4      | Found a bloodstained altar of Trog.
  2992 | D:4      | Reached XP level 7. HP: 26/48 MP: 7/7
  2996 | D:4      | Slain by an orc

Illustrated notes

Levels and vault maps discovered:
D:1:      nzn_arrival_depleted_hourglass, layout_basic, basic_ecumenical_altar
D:2:      layout_loops_ring, uniq_crazy_yiuf_cottage, uniq_jessica
D:3:      layout_loops_ring, serial_shops, shop, shop, ebering_ghost_sewer_d,
          minmay_ogre_servants, uniq_natasha
D:4:      layout_basic, grunt_temple_overflow_open, nicolae_ru_path_of_blood

Skill      XL: |  1  2  3  4  5  6 |
---------------+-------------------+-----
Dodging        | 3 4 |  4.0
Unarmed Combat | 4 5 6 |  6.4
Stealth        | 2 |  2.8
Shapeshifting  | 5 6 |  6.5
Fighting       | |  1.4
Armour         | |  0.1

Action                     |  1- 3 |  4- 6 |  7- 9 || total
---------------------------+-------+-------+-------++-------
  Melee: Unarmed           |    63 |   134 |     5 ||   202
         Punch             |     2 |     6 |       ||     8
  Throw: Throwing net      |       |     1 |       ||     1
    Use: Scroll            |     7 |     1 |       ||     8
         Potion            |       |     6 |       ||     6
   Stab: Sleeping          |     1 |     5 |       ||     6
 Armour: Animal skin       |    12 |       |       ||    12
         Leather armour    |     7 |       |       ||     7
         Robe              |     3 |    37 |     5 ||    45
         Skin              |       |    20 |       ||    20
  Dodge: Dodged            |    35 |    68 |     2 ||   105
   Form: Beast             |       |     2 |       ||     2
                           |       |     1 |       ||     1
